 Dungeon Crawl Stone Soup version 0.28-a0-533-g9f97627e2a (webtiles) character file.

Game seed: 14157904592821586913

3700 Shayle the Fighter (level 10, -1/107 HPs)
             Began as an Ogre Warper on Sept 25, 2021.
             Was an Initiate of Makhleb.
             Slain by a wolf (5 damage)
             ... on level 1 of the Lair of Beasts.
             The game lasted 00:49:05 (17002 turns).

Shayle the Fighter (Ogre Warper)                   Turns: 17002, Time: 00:49:06

Health: -1/107     AC:  9    Str: 18    XL:     10   Next: 13%
Magic:  19/19      EV:  9    Int: 16    God:    Makhleb [......]
Gold:   442        SH:  0    Dex:  8    Spells: 5/21 levels left

rFire   . . .      SeeInvis +   g - +2 short sword (venom)
rCold   . . .      Faith    .   (no shield)
rNeg    . . .      Spirit   .   x - +0 steam dragon scales
rPois   .          Reflect  .   (helmet restricted)
rElec   .          Harm     .   f - +2 cloak
rCorr   .          Rampage  .   (gloves unavailable)
Will    +....                   (boots unavailable)
Stlth   +.........              (no amulet)
HPRegen 0.27/turn               j - ring of see invisible
MPRegen 0.16/turn               (no ring)

@: mighty, flying, hasted, very quick
A: large, unfitting armour, tough skin 1
a: Renounce Religion


You were on level 1 of the Lair of Beasts.
You worshipped Makhleb.
Makhleb was noncommittal.
You visited 2 branches of the dungeon, and saw 10 of its levels.
You also visited: Ossuary.

You collected 442 gold pieces.

Inventory:

Hand Weapons
 a - a +0 spear
 c - a +2 dire flail of holy wrath
 g - a +2 short sword of venom (weapon)
 h - a +5 great sword
 i - a +3 whip of holy wrath
 q - a +0 giant spiked club
 y - the +6 scimitar of Gallantry {flame, rF+ Int-2 Dex+2}
   (You found it on level 5 of the Dungeon)

   It burns those it strikes, dealing additional fire damage.
   Big, fiery blades are also staple armaments of hydra-hunters.
   Int:       It affects your intelligence (-2).
   Dex:       It affects your dexterity (+2).
   rF:        It protects you from fire.
Armour
 f - a +2 cloak (worn)
 p - a +2 robe of positive energy
 x - +0 steam dragon scales (worn)
Jewellery
 j - a ring of see invisible (left hand)
 v - a ring of ice
Wands
 r - a wand of iceblast (3)
Scrolls
 d - a scroll of teleportation
 l - a scroll of magic mapping
 n - 3 scrolls of fog
 o - 3 scrolls of amnesia
 s - 2 scrolls of enchant armour
Potions
 b - a potion of cancellation {unknown}
 k - a potion of haste
 t - a potion of mutation
 z - 2 potions of attraction


   Skills:
 + Level 9.6 Fighting
 + Level 7.3 Polearms
 - Level 1.0 Throwing
 + Level 0.2 Armour
 - Level 2.1 Dodging
 + Level 6.3 Spellcasting
 + Level 5.5 Translocations
 + Level 4.3 Ice Magic
 + Level 5.0 Invocations


You had 5 spell levels left.
You knew the following spells:

 Your Spells              Type           Power      Damage    Failure   Level
a - Blink                 Tloc           N/A        N/A       1%          2
b - Teleport Other        Tloc           22%        N/A       4%          3
c - Gell's Gravitas       Tloc           11%        N/A       4%          3
d - Ozocubu's Armour      Ice            18%        N/A       7%          3
e - Manifold Assault      Tloc           22%        N/A       36%         5

Your spell library contained the following spells:

 Spells                   Type           Power      Damage    Failure   Level
 Lesser Beckoning         Tloc           22%        N/A       4%          3
 Ensorcelled Hibernation  Hex/Ice        22%        N/A       9%          2
 Passage of Golubria      Tloc           N/A        N/A       14%         4
 Conjure Flame            Conj/Fire      5%         6-21      38%         3
 Ignite Poison            Fire/Tmut/Pois 5%         N/A       38%         3
 Tukima's Dance           Hex            5%         N/A       38%         3
 Sticky Flame             Conj/Fire      5%         2d3       80%         4
 Yara's Violent Unravell  Hex/Tmut       2%         3d3       98%         5
 Ozocubu's Refrigeration  Ice            9%         4d6       100%        7


Dungeon Overview and Level Annotations

Branches:
Dungeon (9/15)             Temple (0/1) D:5            Lair (1/6) D:8
Ossuary (visited)
    Orc: D:9-12

Altars:
Makhleb
Okawaru
Qazlal
Ru
Sif Muna
Trog
Uskayaw
Vehumet
Xom

Shops:
D:6 [


Innate Abilities, Weirdness & Mutations

You are too large for most types of armour.
You have tough skin. (AC +1)


Message History

The wolf is lightly wounded.
The wolf bites you. The wolf barely misses you. x2
The wolf bites you but does no damage. The wolf barely misses you.
You hit the wolf but do no damage.
The wolf looks even sicker.
The wolf is lightly wounded.
The wolf bites you but does no damage. The wolf bites you.
The wolf closely misses you. The wolf bites you but does no damage.
The wolf closely misses you. The wolf bites you.
You closely miss the wolf. The wolf bites you but does no damage.
The wolf bites you. x2; The wolf bites you but does no damage.
The wolf barely misses you. The wolf misses you.
You completely miss the wolf. The wolf bites you but does no damage.
The wolf bites you.
* * * LOW HITPOINT WARNING * * *
The wolf misses you. The wolf bites you but does no damage.
The wolf closely misses you. The wolf completely misses you.
You closely miss the wolf.
The wolf is almost dead.
The wolf bites you but does no damage. x2; The wolf bites you.
* * * LOW HITPOINT WARNING * * *
The wolf bites you.
* * * LOW HITPOINT WARNING * * *
The wolf closely misses you. The wolf bites you.
* * * LOW HITPOINT WARNING * * *
You closely miss the wolf.
The wolf is severely wounded.
The wolf bites you!
* * * LOW HITPOINT WARNING * * *
The wolf closely misses you. The wolf barely misses you. The wolf bites you.
* * * LOW HITPOINT WARNING * * *
The wolf bites you but does no damage.
It was a potion of flight.
You feel very buoyant.
You fly up into the air.
The wolf bites you.
* * * LOW HITPOINT WARNING * * *
The wolf bites you but does no damage. x2; The wolf bites you.
* * * LOW HITPOINT WARNING * * *
Okay, then.
It was a potion of haste.
You feel yourself speed up. The wolf bites you.
You die...

+.......# #
#.......# # ..
#.......# .# ...
.......+ ..## #...
......# ....#
#....##+#.#P.#....#
..........h.......#
.........hhh........
##.###.#.#@#######P#
#######


You could see 4 wolves.

Vanquished Creatures
  3 wyverns (D:8)
  A wraith (D:9)
  Duvessa (D:6)
  2 water moccasins
  2 orc warriors (D:6)
  A necrophage (D:6)
  An ice beast (D:4)
  An ogre (D:4)
  3 centaurs
  3 wolves
  A phantom (D:7)
  3 bullfrogs
  4 scorpions
  Dowan (D:6)
  A wyvern skeleton (D:7)
  7 wights
  A howler monkey (D:4)
  A centaur zombie (Ossuary)
  A gnoll shaman (D:4)
  6 orc priests
  A hound (D:6)
  3 iron imps (D:5)
  3 iguanas
  3 orc wizards
  4 ogre zombies (Ossuary)
  2 hound zombies (D:5)
  7 mummies (Ossuary)
  9 gnolls
  A howler monkey skeleton (D:7)
  7 adders
  2 white imps
  5 adder zombies (Ossuary)
  A worm (D:4)
  2 dart slugs
  7 orcs
  6 ball pythons
  10 endoplasms
  4 giant cockroaches
  10 goblins
  2 hobgoblins
  4 kobolds
  2 quokkas
  2 bats
  6 frilled lizards
  3 goblin zombies (Ossuary)
  2 hobgoblin zombies (Ossuary)
  A kobold zombie (Ossuary)
  7 quokka zombies (Ossuary)
  7 rats
  7 rat zombies (Ossuary)
174 creatures vanquished.

Vanquished Creatures (others)
  An orc (D:7)
  6 fungi
  20 plants
27 creatures vanquished.

Grand Total: 201 creatures vanquished

Notes
Turn   | Place    | Note
-------+----------+-------------------------------------------
     0 | D:1      | Shayle the Ogre Warper began the quest for the Orb.
     0 | D:1      | Reached XP level 1. HP: 22/22 MP: 3/3
   212 | D:1      | Reached skill level 3 in Fighting
   221 | D:1      | Reached XP level 2. HP: 27/31 MP: 5/5
   620 | D:1      | Reached XP level 3. HP: 36/39 MP: 6/6
  1084 | D:1      | Reached skill level 4 in Fighting
  1428 | D:1      | Learned a level 2 spell: Blink
  1432 | D:1      | Learned a level 3 spell: Teleport Other
  1975 | D:2      | Reached XP level 4. HP: 44/49 MP: 7/7
  3341 | D:3      | Reached skill level 5 in Fighting
  3341 | D:3      | Reached XP level 5. HP: 52/57 MP: 8/8
  3784 | D:4      | Found a sand-covered staircase.
  3793 | Ossuary  | Entered an ossuary
  4171 | Ossuary  | Reached skill level 6 in Fighting
  4171 | Ossuary  | Reached XP level 6. HP: 31/67 MP: 9/9
  4621 | Ossuary  | Learned a level 3 spell: Gell's Gravitas
  5316 | D:2      | Reached skill level 5 in Polearms
  5939 | D:4      | Reached XP level 7. HP: 30/76 MP: 11/11
  6270 | D:4      | Learned a level 3 spell: Ozocubu's Armour
  6793 | D:5      | Entered Level 5 of the Dungeon
  6818 | D:4      | Reached skill level 7 in Fighting
  6818 | D:4      | Reached skill level 1 in Ice Magic
  7795 | D:5      | Found a burning altar of Makhleb.
  7934 | D:5      | Became a worshipper of Makhleb the Destroyer
  7992 | D:5      | Identified the +6 scimitar of Gallantry {flame, rF+ Int-2
                  | Dex+2}
  8041 | D:5      | Found a staircase to the Ecumenical Temple.
  8131 | D:5      | Reached XP level 8. HP: 87/87 MP: 13/13
  9220 | D:6      | Reached skill level 1 in Invocations
  9344 | D:6      | Found Zajaots's Antique Armour Shoppe.
  9656 | D:6      | Identified the +0 leather armour "Unui" {Dex+4 Stlth+}
  9762 | D:7      | Found a bloodstained altar of Trog.
 10487 | D:6      | Noticed Dowan
 10540 | D:6      | Noticed Duvessa
 10569 | D:6      | Killed Duvessa
 11268 | D:6      | Found a shimmering blue altar of Sif Muna.
 11271 | D:6      | Found a shimmering altar of Xom.
 11274 | D:6      | Found a hide-covered altar of Uskayaw.
 11347 | D:6      | HP: 1/88 [orc warrior/stone (9)]
 12163 | D:6      | Reached skill level 8 in Fighting
 12469 | D:6      | Killed Dowan
 12470 | D:6      | Reached XP level 9. HP: 32/96 MP: 16/16
 12843 | D:7      | Found a stormy altar of Qazlal.
 12869 | D:7      | Reached skill level 5 in Spellcasting
 13216 | D:7      | Noticed a two-headed ogre
 13230 | D:6      | Learned a level 5 spell: Manifold Assault
 14100 | D:7      | Found a radiant altar of Vehumet.
 14113 | D:7      | Found an iron altar of Okawaru.
 14297 | D:7      | Found a sacrificial altar of Ru.
 14800 | D:8      | Reached skill level 5 in Translocations
 14881 | D:8      | Reached skill level 9 in Fighting
 16151 | D:8      | Reached XP level 10. HP: 63/107 MP: 19/19
 16389 | D:8      | Found a staircase to the Lair.
 16420 | Lair:1   | Entered Level 1 of the Lair of Beasts
 16995 | Lair:1   | Reached skill level 5 in Invocations
 17001 | Lair:1   | HP: 4/107 [wolf (4)]
 17002 | Lair:1   | Slain by a wolf

Illustrated notes

Levels and vault maps discovered:
D:1:      evilmike_arrival_crescent, layout_basic
D:2:      layout_basic, minmay_misc_feat_four_crosses
D:3:      layout_rooms
D:4:      layout_basic, nicolae_ossuary_entry_ruins
D:5:      layout_basic, demons_altar, temple_pool_b,
          chequers_serial_rivers_small_3, nrook_pool_corridor,
          minmay_misc_feat_diagonals, serial_bayou_lagoon_a, nrook_loot_triangle
D:6:      layout_basic, grunt_temple_overflow_diamond, serial_shops,
          nicolae_take_the_stairs, uniq_duvessa
D:7:      layout_rooms, mainiacjoe_overflow_big_doors,
          trog_three_pillars_becter, mainiacjoe_overflow_paths,
          nicolae_ru_awakened_eye
D:8:      minmay_slanted_spiral_squares, layout_basic, minmay_lair_entry_grove,
          uniq_maggie
D:9:      layout_stronghold
Lair:1:   layout_regular_city, minmay_holes

Skill      XL: |  1  2  3  4  5  6  7  8  9 10 |
---------------+-------------------------------+-----
Fighting       | 3 4 5 6 7 8 9 |  9.6
Polearms       | 3 4 5 6 7 |  7.3
Translocations | 3 4 5 |  5.5
Spellcasting   | 3 4 6 |  6.3
Ice Magic      | 1 2 4 |  4.3
Invocations    | 2 4 5 |  5.0
Throwing       | |  1.0
Armour         | |  0.2
Dodging        | |  2.1

Action                   |  1- 3 |  4- 6 |  7- 9 | 10-12 || total
-------------------------+-------+-------+-------+-------++-------
Melee: Spear             |   128 |    72 |       |       ||   200
       Whip              |       |   217 |   324 |       ||   541
       Short sword       |       |       |   102 |    35 ||   137
       Scimitar          |       |       |    12 |       ||    12
       Dire flail        |       |       |    72 |       ||    72
Throw: Boomerang         |     5 |       |       |       ||     5
       Throwing net      |       |       |     3 |       ||     3
 Cast: Ozocubu's Armour  |       |       |     3 |       ||     3
       Blink             |       |       |    19 |     2 ||    21
       Teleport Other    |       |       |     3 |       ||     3
       Gell's Gravitas   |       |       |     2 |       ||     2
Evoke: Wand              |       |       |       |     1 ||     1
  Use: Scroll            |       |     9 |    12 |     2 ||    23
       Potion            |       |     1 |     8 |     4 ||    13
Armor: Robe              |    39 |    64 |   170 |    12 ||   285
       Skin              |       |       |    14 |       ||    14
       Steam dragon scal |       |       |       |    36 ||    36
Dodge: Dodged            |    51 |   101 |   235 |    45 ||   432

Table legend: (Time is in decaauts)
 A = Elapsed time spent in this place.
 B = Non-inter-level travel time spent in this place.
 C = Inter-level travel time spent in this place.
 D = Time resting spent in this place.
 E = Time spent auto-exploring this place.
 F = Levels seen in this place.
 G = Mean time per level.
                   A        B        C        D        E       F      G
               +--------+--------+--------+--------+--------+-----+--------+
         Total |  17167 |  16326 |    841 |   6468 |   6303 |  11 | 1560.6 |
       Dungeon |  15375 |  14534 |    841 |   5643 |   6067 |   9 | 1708.3 |
          Lair |    584 |    584 |      0 |    491 |     11 |   1 |  584.0 |
       Ossuary |   1207 |   1207 |      0 |    334 |    225 |   1 | 1207.0 |
               +--------+--------+--------+--------+--------+-----+--------+

Top non-repeatable levels by time:
     D:6: 3952 daAuts
     D:5: 2140 daAuts
     D:4: 2047 daAuts
     D:1: 1733 daAuts
     D:2: 1722 daAuts
 Ossuary: 1207 daAuts
     D:8: 1101 daAuts
     D:3: 1004 daAuts
     D:7: 992 daAuts
     D:9: 681 daAuts
  Lair:1: 584 daAuts
